 Dungeon Sprint DCSS version 0.26-a0-966-gd078a86f14 (webtiles) character file.

Game seed: 4578702057203506179

550 mhtbhm the Cleaver (level 7, 62/71 HPs)
             Began as a Minotaur Monk on Dec 3, 2020.
             Was a Follower of Okawaru.
             Quit the game in the Dungeon (Sprint VII: "The Pits").
             The game lasted 00:01:54 (951 turns).

mhtbhm the Cleaver (Minotaur Monk)                   Turns: 951, Time: 00:01:55

Health: 62/71      AC: 13    Str: 18    XL:     7   Next: 7%
Magic:  6/6        EV: 11    Int:  7    God:    Okawaru [*.....]
Gold:   0          SH:  0    Dex: 12    Spells: 6/6 levels left

rFire    . . .     SeeInvis .   a - +2 hand axe (vorpal)
rCold    . . .     Faith    .   (no shield)
rNeg     . . .     Spirit   .   b - +3 chain mail
rPois    .         Reflect  .   (helmet restricted)
rElec    .         Harm     .   (no cloak)
rCorr    .         Rampage  .   (no gloves)
MR       .....     NoTele   +   (no boots)
Stlth    ..........             (no amulet)
HPRegen  0.21/turn              (no ring)
MPRegen  0.10/turn              (no ring)

@: no status effects
A: retaliatory headbutt, horns 2
a: Heroism, Renounce Religion


You were in the Dungeon.
You worshipped Okawaru.
Okawaru was aware of your devotion.
You visited 1 branch

Inventory:

Hand Weapons
 a - a +2 vorpal hand axe (weapon)
Armour
 b - a +3 chain mail (worn)
Scrolls
 h - a scroll of blinking
 j - 3 scrolls of remove curse
 k - 5 scrolls of amnesia
 l - a scroll of summoning
Potions
 c - 4 potions of curing
 d - 4 potions of heal wounds
 e - a potion of haste
 f - 4 potions of magic
 g - 2 potions of berserk rage
 i - 2 potions of invisibility


   Skills:
 + Level 9.8 Fighting
 + Level 11.5 Axes
 + Level 6.6 Armour
 + Level 8.6 Dodging
 - Level 2.1 Stealth


You had 6 spell levels left.
You didn't know any spells.
Your spell library was empty.

Dungeon Overview and Level Annotations

Branches:
Dungeon (1/1)

Altars:
Ashenzari
Cheibriados
Dithmenos
Elyvilon
Fedhas
Gozag
Hepliaklqana
Kikubaaqudgha
Makhleb
Nemelex Xobeh
Okawaru
Qazlal
Ru
Sif Muna
Trog
Uskayaw
Vehumet
Wu Jian
Xom
Yredelemnul
Zin
The Shining One
Beogh
Jiyva
Lugonu


Innate Abilities, Weirdness & Mutations

You reflexively headbutt those who attack you in melee.
You have a pair of horns on your head.


Message History

The gnoll shaman is heavily wounded.
The gnoll shaman barely misses you.
You closely miss the gnoll shaman.
The gnoll shaman is heavily wounded.
The gnoll shaman hits you with a +1 whip of draining!
You feel drained.
You hit the gnoll shaman.
The gnoll shaman is almost dead.
The gnoll shaman prays to its god.
The gnoll shaman is healed somewhat.
You hit the gnoll shaman.
The gnoll shaman is almost dead.
You hit the gnoll shaman.
You kill the gnoll shaman!
Okawaru accepts your kill.
Your life force feels restored.
There is an open door here.
Things that are here:
a +1 whip of draining; a +0 leather armour Are you sure you want to abandon this character and quit the game? (Confirm with "yes".)

#.#..[)))..##.......#
#)###########.......#
#.......# #########
#..###..# #.......#
##.###.## #.......#
#..###..#+#
#.......@.#
###########


There were no monsters in sight!

Vanquished Creatures
  A warg (D)
  A water moccasin (D)
  A gnoll sergeant (D)
  4 wights (D)
  A gnoll shaman (D)
  4 gnolls (D)
  2 adders (D)
  An ooze (D)
  A leopard gecko (D)
  A bat zombie (D)
  A hobgoblin (D)
  3 jackals (D)
  4 kobolds (D)
  A rat (D)
26 creatures vanquished.

Notes
Turn   | Place    | Note
-------+----------+-------------------------------------------
     0 | D        | mhtbhm the Minotaur Monk began the quest for the Orb.
     0 | D        | Reached XP level 1. HP: 19/19 MP: 0/0
    25 | D        | Found a bloodstained altar of Trog.
    25 | D        | Found a shimmering blue altar of Sif Muna.
    25 | D        | Found a viscous altar of Jiyva.
    25 | D        | Found a hazy altar of Hepliaklqana.
    25 | D        | Found an opulent altar of Gozag.
    26 | D        | Found a glowing golden altar of the Shining One.
    26 | D        | Found a glowing silver altar of Zin.
    26 | D        | Found a basalt altar of Yredelemnul.
    26 | D        | Found a shimmering altar of Xom.
    26 | D        | Found an ornate altar of the Wu Jian Council.
    26 | D        | Found a sacrificial altar of Ru.
    26 | D        | Found a stormy altar of Qazlal.
    26 | D        | Found an iron altar of Okawaru.
    26 | D        | Found a sparkling altar of Nemelex Xobeh.
    26 | D        | Found a burning altar of Makhleb.
    26 | D        | Found a blossoming altar of Fedhas.
    26 | D        | Found a white marble altar of Elyvilon.
    26 | D        | Found a shadowy altar of Dithmenos.
    26 | D        | Found a snail-covered altar of Cheibriados.
    28 | D        | Found a radiant altar of Vehumet.
    28 | D        | Found a corrupted altar of Lugonu.
    28 | D        | Found a roughly hewn altar of Beogh.
    29 | D        | Found a hide-covered altar of Uskayaw.
    29 | D        | Found an ancient bone altar of Kikubaaqudgha.
    29 | D        | Found a broken altar of Ashenzari.
    39 | D        | Became a worshipper of Elyvilon the Healer
    39 | D        | Reached * piety under Elyvilon
    39 | D        | Reached ** piety under Elyvilon
    49 | D        | Fell from the grace of Elyvilon
    49 | D        | Became a worshipper of Warmaster Okawaru
    94 | D        | Reached skill level 4 in Axes
    94 | D        | Reached XP level 2. HP: 20/28 MP: 1/1
   197 | D        | Reached skill level 5 in Fighting
   197 | D        | Reached skill level 5 in Axes
   513 | D        | Reached XP level 3. HP: 23/36 MP: 2/2
   673 | D        | Noticed a warg
   673 | D        | Noticed a water moccasin
   674 | D        | Noticed a gnoll sergeant
   692 | D        | Killed a water moccasin
   693 | D        | Reached skill level 8 in Axes
   693 | D        | Reached XP level 4. HP: 32/47 MP: 3/3
   693 | D        | Reached XP level 5. HP: 35/52 MP: 4/4
   700 | D        | Killed a warg
   701 | D        | Reached skill level 9 in Axes
   714 | D        | Reached * piety under Okawaru
   715 | D        | Reached XP level 6. HP: 11/62 MP: 5/5
   742 | D        | Reached skill level 10 in Axes
   742 | D        | Reached skill level 5 in Armour
   747 | D        | Reached skill level 11 in Axes
   928 | D        | Reached XP level 7. HP: 71/71 MP: 6/6
   951 | D        | Quit the game

Illustrated notes

Levels and vault maps discovered:
D:        pitsprint [storerooms_1, entrance_room_1, metal_vault_6, armoury_3,
          mini_pit_1, grid_room_1, main_hall_1, silver_pit, the_coven_3,
          the_vestibule_1, steel_vault_3, golden_pit, hallway_of_sentries,
          crystal_vault_1, iron_vault_1, final_vault]

Skill      XL: |  1  2  3  4  5  6 |
---------------+-------------------+-----
Fighting       | 4 5 7 8 9 |  9.8
Axes           | 4 5 8 9 11 | 11.5
Dodging        | 4 6 7 8 |  8.6
Stealth        | 2 |  2.1
Armour         | 2 4 6 |  6.6

Action                   |  1- 3 |  4- 6 |  7- 9 || total
-------------------------+-------+-------+-------++-------
Melee: Hand axe          |    31 |    39 |     7 ||    77
       Headbutt          |     3 |     9 |       ||    12
  Use: Potion            |     1 |     4 |       ||     5
 Stab: Sleeping          |     1 |       |       ||     1
Armor: Robe              |     2 |       |       ||     2
       Chain mail        |     8 |    13 |       ||    21
Dodge: Dodged            |    27 |    25 |     2 ||    54

Table legend: (Time is in decaauts)
 A = Elapsed time spent in this place.
 B = Non-inter-level travel time spent in this place.
 C = Inter-level travel time spent in this place.
 D = Time resting spent in this place.
 E = Time spent auto-exploring this place.
 F = Levels seen in this place.
 G = Mean time per level.
                   A        B        C        D        E       F      G
               +--------+--------+--------+--------+--------+-----+--------+
         Total |    948 |    948 |      0 |    646 |     22 |   1 |  948.0 |
       Dungeon |    948 |    948 |      0 |    646 |     22 |   1 |  948.0 |
               +--------+--------+--------+--------+--------+-----+--------+

Top non-repeatable levels by time:
       D: 948 daAuts
